 Dungeon Crawl Stone Soup version 0.32-a0-485-g70f7560b1c (webtiles) character file.

Game seed: 17008970844086485465

2242 ezpacito the Trooper (level 9, 0/67 (68) HPs)
             Began as a Demonspawn Chaos Knight on Feb 26, 2024.
             Was a Plaything of Xom.
             Slain by a wight
             ... wielding a +5 long sword
              (10 damage)
             ... on level 6 of the Dungeon.
             The game lasted 00:11:35 (6769 turns).

ezpacito the Trooper (Demonspawn Chaos Knight)      Turns: 6769, Time: 00:11:36

HP:   0/67 (68)     AC:  8    Str: 17      XL:     9   Next: 14%
MP:   14/14         EV: 10    Int: 10 (12) God:    Xom [......]
Gold: 655           SH:  7    Dex: 11 (13) Spells: 15/15 levels left

rFire   + . .        a - +0 hand axe (chaos)
rCold   + . .        K - +0 buckler
rNeg    . . .        t - +0 scale mail {rF+}
rPois   +            (no helmet)
rElec   .            (no cloak)
rCorr   +            J - +0 pair of gloves
SInv    .            (boots unavailable)
Will    .....        (no amulet)
Stlth   +            j - ring of poison resistance
HPRegen 0.31/turn    m - ring of resist corrosion
MPRegen 0.14/turn

%: clarity
@: lightly drained
A: hooves 3, condensation shield, clarity, cold resistance 1, deterioration 1,
sense surroundings 1, wild magic 1, devolution 1
a: Renounce Religion


You were on level 6 of the Dungeon.
You worshipped Xom.
You were a very special plaything of Xom.
You visited 2 branches of the dungeon, and saw 8 of its levels.

You collected 655 gold pieces.

Inventory:

Hand Weapons
 a - a +0 hand axe of chaos (weapon)
 c - a +0 battleaxe
 e - a +1 hand axe of freezing
 f - the +7 staff of the Meek {protect, meekguard}
   (You found it on level 6 of the Dungeon)
 o - a +3 whip of flaming
 H - a +0 war axe
Missiles
 b - 3 throwing nets
 g - 19 poisoned darts (quivered)
 w - 9 boomerangs
Armour
 t - a +0 scale mail of fire resistance (worn)
 J - a +0 pair of gloves (worn)
 K - a +0 buckler (worn)
Magical Staves
 l - a staff of conjuration
 v - a staff of fire
Jewellery
 j - a ring of poison resistance (left hand)
 m - a ring of resist corrosion (right hand)
 q - a +6 ring of intelligence
 x - a +6 ring of intelligence
 B - a ring of magical power
Talismans
 n - a beast talisman
 E - a maw talisman
Wands
 r - a wand of paralysis (2)
 s - a wand of mindburst (10)
 F - a wand of roots (6)
Scrolls
 d - a scroll of teleportation
 h - 2 scrolls of enchant weapon
 i - a scroll of fog
 k - a scroll of silence {unknown}
 p - a scroll of acquirement
 u - a scroll of brand weapon
Potions
 G - 2 potions of resistance
Miscellaneous
 y - a tin of tremorstones (2/2)


   Skills:
 * Level 5.2 Fighting
 * Level 4.5(4.8) Axes
 + Level 2.3(3.7) Polearms
 + Level 2.2 Throwing
 * Level 4.5 Armour
 * Level 3.9 Dodging
 + Level 2.7 Stealth
 * Level 3.4 Unarmed Combat
 * Level 3.6 Spellcasting
 + Level 1.9 Conjurations
 + Level 2.3 Evocations


You had 15 spell levels left.
You didn't know any spells.
Your spell library contained the following spells:

 Spells                   Type           Power      Damage    Failure   Level
 Ensorcelled Hibernation  Hex/Ice        4%         N/A       90%         2
 Fugue of the Fallen      Necr           2%         N/A       99%         3
 Anguish                  Hex/Necr       1%         N/A       100%        4


Dungeon Overview and Level Annotations

Branches:
Dungeon (7/15)             Temple (1/1) D:5

Altars:
Ashenzari
Cheibriados
Dithmenos
Fedhas
Gozag
Hepliaklqana
Kikubaaqudgha
Nemelex Xobeh
Qazlal
Sif Muna
Trog
Uskayaw
Vehumet
Wu Jian
Xom
Yredelemnul
Beogh

Shops:
D:4 (

Annotations:
D:4 3 runed translucent doors, anacleto's ghost, amateur DEEE


Innate Abilities, Weirdness & Mutations

You have hooves in place of feet.
A meltable shield of frost defends you. (SH +4)
You possess an exceptional clarity of mind.
Your flesh is cold resistant. (rC+)
Your body sometimes deteriorates upon taking damage.
You passively map a small area around you.
Your spells are a little harder to cast, but a little more powerful.
You have hidden genetic defects.


Message History

Press: ? - help, Dir - move target
Found 2 potions of brilliance.
Found a stone staircase leading up.
As you read the scroll of blinking, it crumbles to dust.
Found a scroll labelled NIN YJ MUSTOGRAT.
Found a stone staircase leading up.
k - a scroll labelled NIN YJ MUSTOGRAT
There is a stone staircase leading up here.
The wight hits you with a +5 long sword.
You climb upwards.
There is a stone staircase leading down here.
You barely miss the wight. Your kick misses the wight.
The wight is heavily damaged.
You block the wight's attack.
You hit the wight but do no damage. You kick the wight, but do no damage.
The wight is heavily damaged.
You block the wight's attack.
You closely miss the wight. You kick the wight.
The wight is severely damaged.
The wight hits you but does no damage.
You closely miss the wight. You kick the wight, but do no damage.
The wight is severely damaged.
The wight hits you with a +5 long sword!
* * * LOW HITPOINT WARNING * * *
Your body deteriorates!
You feel dopey.
You hit the wight but do no damage.
The wight is severely damaged.
The wight hits you with a +5 long sword.
* * * LOW HITPOINT WARNING * * *
The wight hits you with a +5 long sword.
* * * LOW HITPOINT WARNING * * *
You hit the wight. You burn the wight. You kick the wight, but do no damage.
The wight is almost destroyed.
You block the wight's attack.
You barely miss the wight. Your kick misses the wight.
The wight is almost destroyed.
The wight barely misses you.
You hit the wight.
The wight is moving more slowly.
The wight is almost destroyed.
The wight hits you with a +5 long sword!
You die...

.#....#.......# .#....##......#
.#..........(############
.#......)##.)#....#.....##
.#...<....#.)............#
.+........#.....#........#
##..##...##....##...##..########
##..##...##....##...##....#....#
.'........#.....@....'.÷......##
.#........+.....z....#........#
##..##...##..####.####....#..##
##..##...###################.##
.....'..<....#............##..#
..^..#.......#.........♣♣..♣.[#
.....#...##..####.####..~~≈~..#
.....#...########.####...~~~..#
....##...#......#......♣~~~...#


You could see a wight (petrifying).

Vanquished Creatures
  A black bear (D:7)
  2 ice beasts
  An orc warrior (D:5)
  3 ogres
  2 kobold brigands (D:7)
  2 scorpions (D:6)
  A wight (D:7)
  A bombardier beetle (D:6)
  5 hounds
  3 jellies
  2 quasits (D:6)
  An orc priest (D:6)
  A gnoll bouda (D:6)
  A sleepcap (D:5)
  3 iguanas
  5 orc wizards
  3 adders
  10 gnolls
  3 shadow imps
  A white imp (D:6)
  3 ufetubi (D:6)
  A dart slug (D:2)
  3 ribbon worms
  23 orcs
  5 bats
  9 endoplasms
  10 hobgoblins
  3 jackals (D:3)
  2 quokkas
  10 ball pythons
  7 frilled lizards
  7 goblins
  14 kobolds
  6 rats
154 creatures vanquished.

Vanquished Creatures (collateral kills)
  A water moccasin (D:6)
  2 gnoll sergeants
  An orc priest (D:6)
  Jessica (D:3)
  5 gnolls
  4 white imps (D:6)
  2 orcs (D:6)
16 creatures vanquished.

Vanquished Creatures (others)
  An orc priest (D:3)
  A jackal (D:3)
2 creatures vanquished.

Grand Total: 172 creatures vanquished

Notes
Turn   | Place    | Note
-------+----------+-------------------------------------------
     0 | D:1      | ezpacito the Demonspawn Chaos Knight began the quest for
                  | the Orb.
     0 | D:1      | Reached XP level 1. HP: 18/18 MP: 1/1
    82 | D:1      | Reached skill level 1 in Dodging
   179 | D:1      | XOM: silly message
   216 | D:1      | XOM: divination: detect items
   220 | D:1      | Gained mutation: A meltable shield of frost defends you.
                  | (SH +4) [demonic ancestry]
   220 | D:1      | Reached XP level 2. HP: 24/24 MP: 2/2
   388 | D:1      | XOM: silly message
   865 | D:2      | Gained mutation: You have large cloven feet. [demonic
                  | ancestry]
   865 | D:2      | Reached XP level 3. HP: 23/29 MP: 4/4
   865 | D:2      | XOM: divination: detect creatures
  1109 | D:2      | XOM: silly message
  1420 | D:3      | XOM: give mutations
  1420 | D:3      | Gained mutation: You have a pair of small antennae on your
                  | head. [Xom's grace]
  1420 | D:3      | Gained mutation: You have hidden genetic potential. [Xom's
                  | grace]
  1420 | D:3      | Gained mutation: You are agile. (Dex +4, Str/Int -1) [Xom's
                  | grace]
  1422 | D:3      | XOM: confuse monster(s)
  1429 | D:3      | Gained mutation: You have hoof-like feet. [demonic
                  | ancestry]
  1429 | D:3      | Reached XP level 4. HP: 16/35 MP: 5/5
  1429 | D:3      | Lost mutation: You have a pair of small antennae on your
                  | head. [potion of mutation]
  1429 | D:3      | Lost mutation: You are agile. (Dex +4, Str/Int -1) [potion
                  | of mutation]
  1429 | D:3      | Gained mutation: Your movements are slightly less
                  | encumbered by armour. (ER -2) [potion of mutation]
  1429 | D:3      | Gained mutation: You have a pair of small horns on your
                  | head. [potion of mutation]
  1429 | D:3      | Gained mutation: You possess an exceptional clarity of
                  | mind. [potion of mutation]
  1429 | D:3      | XOM: cleaving
  1435 | D:3      | XOM: divine lightning
  1436 | D:3      | Reached skill level 1 in Spellcasting
  1585 | D:3      | Noticed Jessica
  1589 | D:3      | Paralysed by Jessica for 5 turns
  1592 | D:3      | XOM: summons 4 friendly demons
  1594 | D:3      | Killed Jessica
  1595 | D:3      | Reached skill level 1 in Unarmed Combat
  1599 | D:3      | Gained mutation: You are agile. (Dex +4, Str/Int -1)
                  | [hidden potential]
  1755 | D:3      | XOM: 2-stop teleportation journey
  1834 | D:3      | Found a faded altar of an unknown god.
  2111 | D:3      | XOM: god gift: tin of tremorstones (2/2)
  2254 | D:4      | Reached skill level 1 in Stealth
  2335 | D:4      | Found a snail-covered altar of Cheibriados.
  2336 | D:4      | Found a shadowy altar of Dithmenos.
  2337 | D:4      | Found a shimmering blue altar of Sif Muna.
  2343 | D:4      | Reached XP level 5. HP: 41/41 MP: 6/6
  2375 | D:4      | Noticed an ogre
  2383 | D:4      | Killed an ogre
  2384 | D:4      | Reached skill level 1 in Polearms
  2387 | D:4      | Gained mutation: You have sharp fingernails. [hidden
                  | potential]
  2387 | D:4      | Lost mutation: You have hidden genetic potential. [hidden
                  | potential expressed]
  2434 | D:4      | XOM: stat loss: -1 Dex (16/17)
  2528 | D:4      | Found Nakkag's Antique Weapon Shop.
  2593 | D:4      | Found a faded altar of an unknown god.
  2593 | D:4      | Found a faded altar of an unknown god.
  2595 | D:4      | Found a hazy altar of Hepliaklqana.
  2691 | D:4      | Found a runed translucent gate.
  2692 | D:4      | Found a runed translucent gate.
  2693 | D:4      | Found a runed translucent gate.
  2693 | D:4      | Noticed anacleto's ghost (amateur DEEE)
  2891 | D:4      | Reached XP level 6. HP: 33/48 MP: 8/8
  3054 | D:4      | Noticed an ice beast
  3065 | D:4      | Killed an ice beast
  3092 | D:4      | XOM: god gift: scroll labelled RUWYZYE PETS {god gift}
  3197 | D:5      | Entered Level 5 of the Dungeon
  3200 | D:5      | Reached skill level 1 in Throwing
  3500 | D:5      | Reached skill level 4 in Fighting
  3500 | D:5      | Reached XP level 7. HP: 47/54 MP: 9/9
  3563 | D:5      | Reached skill level 1 in Evocations
  3670 | D:5      | Found a staircase to the Ecumenical Temple.
  3750 | Temple   | Entered the Ecumenical Temple
  3871 | D:5      | XOM: smoke on damage
  3992 | D:5      | XOM: give mutations
  3992 | D:5      | Lost mutation: You have sharp fingernails. [Xom's mischief]
  3992 | D:5      | Gained mutation: Your body sometimes deteriorates upon
                  | taking damage. [Xom's mischief]
  3992 | D:5      | Gained mutation: You passively map a small area around you.
                  | [Xom's mischief]
  4072 | D:5      | XOM: summons friendly quasit
  4081 | D:5      | Reached skill level 1 in Conjurations
  4799 | D:6      | XOM: draining
  4897 | D:6      | Found a radiant altar of Vehumet.
  4921 | D:6      | XOM: 4-stop teleportation journey
  4931 | D:6      | Gained mutation: You have hooves in place of feet. [demonic
                  | ancestry]
  4931 | D:6      | Reached XP level 8. HP: 53/59 MP: 10/12
  5138 | D:6      | XOM: silly message
  5324 | D:6      | Found a roughly hewn altar of Beogh.
  5324 | D:6      | Found the +7 staff of the Meek {protect, meekguard}
  5326 | D:6      | XOM: smoke on damage
  5358 | D:6      | XOM: potion effect (brilliance)
  5657 | D:5      | XOM: scenery: summon butterflies
  5693 | D:5      | HP: 1/61 [orc warrior/+0 battleaxe (10)]
  5772 | D:5      | XOM: summons 2 hostile demons
  5962 | D:6      | XOM: stat loss: -1 Str (13/14)
  5964 | D:6      | XOM: summons friendly quasit
  6124 | D:6      | XOM: polymorph quasit -> ufetubus
  6134 | D:6      | Reached skill level 5 in Fighting
  6193 | D:6      | XOM: stat loss: -1 Dex (16/17)
  6373 | D:6      | Identified a scroll of acquirement
  6408 | D:7      | Reached XP level 9. HP: 53/68 MP: 14/14
  6505 | D:7      | XOM: torment (35/68 hp)
  6660 | D:7      | XOM: give mutations
  6660 | D:7      | Gained mutation: Your spells are a little harder to cast,
                  | but a little more powerful. [Xom's mischief]
  6660 | D:7      | Lost mutation: You have a pair of small horns on your head.
                  | [Xom's mischief]
  6734 | D:7      | Lost mutation: Your movements are slightly less encumbered
                  | by armour. (ER -2) [potion of mutation]
  6734 | D:7      | Lost mutation: You are agile. (Dex +4, Str/Int -1) [potion
                  | of mutation]
  6734 | D:7      | Gained mutation: Your flesh is cold resistant. (rC+)
                  | [potion of mutation]
  6734 | D:7      | Gained mutation: You have hidden genetic defects. [potion
                  | of mutation]
  6744 | D:7      | XOM: god gift: 27 gold pieces
  6769 | D:6      | Slain by a wight

Illustrated notes

Levels and vault maps discovered:
D:1:      nicolae_arrival_escape_room, layout_basic, amethyst_killhole,
          minmay_tall_x
D:2:      layout_basic, minmay_misc_feat_pillars, minmay_lizard_king
D:3:      layout_loops_ring, dreamdust_ecumenical_altar_angels_and_demons,
          kennysheep_jessica_study
D:4:      layout_layer_cave, nicolae_hepliaklqana_ecumenical_no_more,
          chequers_temple_overflow_statue_of_worship, ebering_ghost_rock_garden,
          serial_shops, nicolae_shop_hallway_plus
D:5:      layout_gridville, temple_green,
          nicolae_concentric_dashed_squares_mild, amcnicky_mini_corridor_feature
D:6:      layout_gridville, zin_academy, mainiacjoe_overflow_cross_hatched,
          serial_demonic, serial_demonic_b, serial_demonic_e, serial_demonic_e,
          serial_demonic_g, serial_demonic_a, serial_demonic_e,
          serial_demonic_f, pf_guarded_unrand_meek
D:7:      layout_loops_ring, amcnicky_altar_gilded,
          nicolae_ru_the_path_less_chosen, minmay_misc_feat_five,
          grunt_ministairs_9
Temple:   nicolae_temple_no_exploring_needed

Skill      XL: |  1  2  3  4  5  6  7  8 |
---------------+-------------------------+-----
Dodging        | 1 2 3 |  3.9
Armour         | 2 3 4 |  4.5
Spellcasting   | 1 2 3 |  3.6
Unarmed Combat | 1 2 3 |  3.4
Stealth        | 1 2 |  2.7
Axes           | 3 4 |  4.5
Polearms       | 1 2 |  2.3
Throwing       | 1 2 |  2.2
Fighting       | 4 5 |  5.2
Evocations     | 1 2 |  2.3
Conjurations   | 1 |  1.9

Action                     |  1- 3 |  4- 6 |  7- 9 || total
---------------------------+-------+-------+-------++-------
  Melee: Hand axe          |   114 |   104 |   262 ||   480
         Kick              |     9 |    35 |    75 ||   119
         Headbutt          |       |    20 |    53 ||    73
  Evoke: Wand              |       |       |     5 ||     5
    Use: Scroll            |       |     2 |    16 ||    18
         Potion            |       |     2 |     7 ||     9
   Stab: Sleeping          |     1 |     2 |     1 ||     4
         Confused          |     1 |     1 |     2 ||     4
         Paralysed         |       |     2 |     5 ||     7
 Armour: Leather armour    |    49 |    34 |       ||    83
         Chain mail        |       |    26 |   234 ||   260
         Scale mail        |       |       |    59 ||    59
  Dodge: Dodged            |    64 |    55 |   158 ||   277
  Block: Other             |    15 |    17 |     6 ||    38
         Buckler           |       |       |   134 ||   134

Table legend: (Time is in decaauts)
 A = Elapsed time spent in this place.
 B = Non-inter-level travel time spent in this place.
 C = Inter-level travel time spent in this place.
 D = Time resting spent in this place.
 E = Time spent auto-exploring this place.
 F = Levels seen in this place.
 G = Mean time per level.
                   A        B        C        D        E       F      G
               +--------+--------+--------+--------+--------+-----+--------+
         Total |   6818 |   6544 |    274 |    789 |   4468 |   8 |  852.2 |
       Dungeon |   6816 |   6543 |    273 |    789 |   4468 |   7 |  973.7 |
        Temple |      1 |      1 |      0 |      0 |      0 |   1 |    1.0 |
               +--------+--------+--------+--------+--------+-----+--------+

Top non-repeatable levels by time:
     D:5: 1770 daAuts
     D:6: 1463 daAuts
     D:4: 973 daAuts
     D:3: 834 daAuts
     D:1: 788 daAuts
     D:2: 616 daAuts
     D:7: 370 daAuts
  Temple: 1 daAuts
